Map: Ephemeron LE

Players

Deadmouse

  • Race: Protoss Protoss
  • League: Silver
  • Spawn Location: 5:00

Ratl - Winner!

  • Race: Protoss Protoss
  • League: Silver
  • Spawn Location: 11:00

VOD

Have the link to the VOD?

Description

Time

  • Played on: Jan. 14, 2020, 1:07 p.m.
  • Length: 10:31
Show
View Real Time Build Order
Export as new Build Order

Deadmouse Protoss 

Build Orders:  

Get SALT Encoding   

  12  0:02  Probe (Chrono Boost)  
  13  0:12  Probe (Chrono Boost)  
  14  0:17  Probe (Chrono Boost)  
  15  0:32  Pylon  
  15  0:41  Assimilator  
  15  0:54  Forge  
  15  1:05  Gateway  
  15  1:11  Pylon  
  15  1:13  Probe (Chrono Boost)  
  16  1:24  Probe (Chrono Boost)  
  17  1:29  Probe (Chrono Boost)  
  18  1:33  Photon Cannon  
  18  1:38  Photon Cannon  
  18  1:47  Gateway  
  18  1:51  Probe  
  19  2:03  Probe  
  19  2:08  Gateway  
  21  2:15  Probe  
  21  2:19  Cybernetics Core  
  21  2:27  Pylon  
  21  2:29  Zealot  
  23  2:38  Zealot  
  25  2:59  Zealot  
  25  3:01  Protoss Ground Weapons Level 1  
  25  3:03  Warp Gate  
  27  3:11  Twilight Council  
  27  3:15  Zealot  
  29  3:25  Assimilator  
  29  3:30  Probe (Chrono Boost)  
  30  3:35  Zealot  
  30  3:41  Probe (Chrono Boost)  
  33  3:42  Charge (Chrono Boost)  
  33  3:48  Gateway  
  33  3:55  Zealot  
  35  3:58  Zealot  
  37  4:06  Probe  
  38  4:18  Probe  
  38  4:20  Pylon  
  39  4:28  Pylon  
  39  4:38  Probe  
  39  4:39  Zealot  
  42  4:53  Stalker  
  42  4:55  Stalker  
  42  4:59  Stalker  
  48  5:16  Stalker  
  50  5:23  Zealot  
  52  5:30  Protoss Shields Level 1  
  52  5:33  Stalker  
  54  5:47  Pylon  
  54  5:52  Photon Cannon  
  54  5:56  Pylon  
  40  6:12  Stalker  
  40  6:15  Sentry  
  40  6:18  Stalker  
  34  6:42  Zealot  
  34  6:44  Zealot  
  34  6:47  Zealot  
  32  7:04  Stalker  
  20  7:36  Photon Cannon  
  20  7:39  Stalker  
  20  7:43  Stalker  
  23  7:45  Stalker  
  23  7:49  Stalker  
  27  7:51  Protoss Ground Armor Level 1  
  27  8:08  Stalker  
  29  8:31  Stalker  
  31  8:48  Nexus  
  31  9:09  Stalker  
  33  9:16  Zealot  
  35  9:25  Zealot  
  37  9:35  Sentry  
  39  9:41  Zealot  
  41  9:55  Pylon  
  41  10:05  Probe (Chrono Boost)  
  42  10:16  Probe (Chrono Boost)  
Show
View Real Time Build Order
Export as new Build Order

Ratl Protoss - Winner!

Build Orders:  

Get SALT Encoding   

  12  0:01  Probe  
  13  0:13  Probe  
  14  0:21  Pylon  
  14  0:25  Probe  
  15  0:40  Gateway  
  15  0:42  Probe  
  16  0:54  Probe  
  17  1:06  Probe (Chrono Boost), Gateway  
  18  1:16  Assimilator  
  19  1:18  Probe (Chrono Boost)  
  19  1:24  Probe (Chrono Boost)  
  20  1:28  Cybernetics Core  
  20  1:37  Probe  
  21  1:42  Assimilator  
  21  1:49  Probe  
  21  1:53  Pylon  
  22  2:01  Probe  
  22  2:05  Pylon  
  22  2:13  Probe  
  23  2:15  Stalker  
  23  2:16  Warp Gate (Chrono Boost)  
  25  2:29  Stalker  
  27  2:37  Probe  
  28  2:49  Probe  
  29  2:51  Nexus  
  29  3:01  Probe (Chrono Boost)  
  30  3:09  Stargate  
  30  3:13  Probe (Chrono Boost)  
  31  3:21  Probe (Chrono Boost)  
  31  3:25  Pylon  
  32  3:28  Probe  
  32  3:30  Zealot  
  35  3:45  Probe  
  35  3:47  Robotics Facility  
  36  3:57  Probe  
  36  3:58  Protoss Air Weapons Level 1 (Chrono Boost)  
  36  4:00  Zealot  
  39  4:06  Assimilator x2  
  39  4:09  Probe (Chrono Boost)  
  40  4:17  Oracle  
  40  4:19  Probe (Chrono Boost)  
  45  4:27  Probe (Chrono Boost)  
  45  4:29  Probe (Chrono Boost)  
  46  4:36  Stargate  
  46  4:44  Probe x2  
  48  4:52  Observer  
  49  4:56  Probe x2  
  51  5:00  Stalker x2  
  55  5:14  Observer  
  56  5:16  Gateway x2  
  56  5:20  Pylon  
  56  5:25  Forge  
  56  5:28  Probe x2  
  58  5:31  Zealot x2  
  62  5:40  Probe x2  
  64  5:59  Stalker x2  
  61  6:24  Void Ray  
  61  6:31  Stalker  
  61  6:33  Pylon  
  59  6:59  Stalker x2  
  61  7:06  Zealot  
  61  7:07  Void Ray, Zealot  
  65  7:24  Stalker x2  
  65  7:28  Probe  
  70  8:40  Assimilator, Nexus  
  70  8:42  Pylon  
  70  8:43  Pylon x2  
  70  8:44  Pylon, Assimilator  
  70  8:46  Pylon  
  70  8:52  Pylon  
  70  8:55  Pylon  
  70  9:00  Probe x2, Void Ray x2  
  70  9:01  Pylon  
  80  9:02  Photon Cannon  
  80  9:03  Immortal  
  80  9:09  Stalker x2  
  88  9:10  Stalker x2  
  88  9:12  Probe  
  88  9:13  Pylon  
  93  9:17  Pylon  
  93  9:18  Fleet Beacon  
  93  9:28  Pylon  
  93  9:29  Probe x2  
  95  9:41  Probe x2, Void Ray (Chrono Boost)  
  105  9:46  Stargate  
  105  9:48  Stargate  
  105  9:50  Void Ray (Chrono Boost)  
  105  9:53  Probe x2  
  105  9:57  Probe  
  108  10:05  Probe x2  
  114  10:09  Probe  
  115  10:15  Photon Cannon  
  115  10:17  Probe  
  115  10:18  Photon Cannon  
  114  10:22  Photon Cannon  
Tags
 
Matchup
PvP
Spawn Locations
Cross Positions
Add a new tag
Caveats
  • Supply blocks, unpowered buildings, or Contaminate may cause inaccurate times.
  • Supply counts are checked every 10 seconds.